LaPouf, neutral female human Valkyrie ---- -- |..-- --.-- ------------------ |...|--------@.....hh..........h...| ---.--................------------ - |....-------......... ---...| -......-- --..| --....| |.-- --.-- |.| -- |.| |.| |.| -.- . . -.- --- LaPouf the Fighter Experience level: 9 Strength: 18 Dexterity: 18 Constitution: 18 Intelligence: 8 Wisdom: 10 Charisma: 8 Health: 88(88) Energy: 30(30) AC: -5 Gold: 476 Moves: 7163 Your Inventory: Coins $ - 476 gold pieces Weapons a - a blessed +2 long sword (weapon in hand) d - 4 uncursed +0 daggers o - 2 uncursed [+0] arrows q - 4 [uncursed +0] darts [of fire] C - 15 uncursed [+0] darts D - 6 [uncursed +0] arrows [of fire] Z - an uncursed [+0] javelin Armor c - an uncursed +3 small shield (being worn) v - an [uncursed] +0 pair of iron shoes (being worn) H - an [uncursed] +0 dwarvish mithril-coat (being worn) Comestibles l - an uncursed [stale] egg I - an uncursed carrot K - an uncursed food ration L - an uncursed apple Scrolls j - an uncursed scroll of enchant weapon r - a [blessed] scroll of enchant weapon z - an [uncursed] scroll labeled GHOTI [of scare monster] Potions e - an uncursed potion of oil i - an uncursed muddy potion [of speed] B - an [uncursed] clear potion [of water] Rings m - an uncursed ring of free action A - an [uncursed] brass ring [of poison resistance] Wands t - an uncursed wand of striking (0:6) y - an uncursed wand of digging [0:7] Tools g - an uncursed bell n - an uncursed sack s - an [uncursed tin] whistle u - 6 uncursed [tallow] candles w - an uncursed [+0] pick-axe [of warning] x - an [uncursed] lock pick E - 2 uncursed [wax] candles G - a blessed brass lantern P - an uncursed mirror W - an uncursed magic whistle Contents of the sack: 3 uncursed food rations 2 uncursed slime molds an uncursed scroll of earth an uncursed scroll of food detection an uncursed scroll of light Spells known in the end: Name Level Category Fail Memory Your skills at the end: Fighting Skills body armor [Basic / Skilled] shield [Basic / Expert] Weapon Skills dagger [Basic / Expert] long sword [Skilled / Expert] Spellcasting Skills Final Attributes: You were piously aligned. Hunger level was 571. Your alignment was 44 / 45. Monster difficulty range was 1 - 8. Level difficulty was 7. You were immune to cold. You were stealthy. You were fast. You were lucky (1). You are dead. Vanquished creatures: a giant mimic a small mimic a giant beetle a quivering blob a dingo a housecat 2 gnome mummies 3 snakes a wood nymph a water nymph 2 Mordor orcs an orc shaman a rock piercer 2 enormous rats 2 rock moles 2 fog clouds a yellow light 2 shriekers 3 gnome lords 2 gnomish wizards 2 elf zombies 3 paper golems 2 giant ants 2 floating eyes 11 dwarves 3 homunculi 3 kobold lords 4 rothes 2 centipedes a giant bat 2 monkeys 2 dwarf zombies a wererat 2 iguanas 2 acid blobs 7 coyotes 3 gas spores 3 hobbits a large kobold 3 hobgoblins 4 giant rats a cave spider 2 brown molds 2 yellow molds 4 green molds 2 red molds 48 gnomes 2 garter snakes 2 gnome zombies 3 geckos 6 jackals 2 foxes 2 kobolds a goblin 2 sewer rats 11 grid bugs a bat 4 lichens 2 kobold zombies 9 newts 200 creatures vanquished. Voluntary challenges: You used a wielded weapon 229 times. You read items or engraved 13 times. You put on armor 14 times. You never genocided any monsters. You never polymorphed an object. You never changed form. You used no wishes. You wrote Elbereth's name 2 times. You encountered 1 bones level. You used 13 Sokoban shortcuts. Dungeon overview: The Dungeons of Doom: levels 1 to 7 Level 1 a fountain a long staircase Level 2 a general store stairs to The Gnomish Mines Level 3 (Ce putain de chien ne decolle pas de la fontaine!) a fountain Level 4 a potion shop, a fountain Level 5 many fountains Level 6 an altar, a fountain stairs to Sokoban The Gnomish Mines: levels 3 to 7 Level 3 stairs to The Dungeons of Doom Level 5 many shops, a temple, a magic chest, some fountains Level 7 <- You were here Sokoban: levels 3 to 5 Level 5 stairs to The Dungeons of Doom History has recorded: On T:1 you entered the Dungeons of Doom to retrieve the Amulet of Yendor! On T:115 you reached level 2 of The Dungeons of Doom. On T:399 you advanced to experience level 2. On T:478 you reached level 3 of The Dungeons of Doom. On T:554 you reached level 1 of The Gnomish Mines. On T:573 you advanced to experience level 3. On T:1158 you reached level 4 of The Dungeons of Doom. On T:1200 you advanced to experience level 4. On T:1610 you reached level 5 of The Dungeons of Doom. On T:1695 you advanced to experience level 5. On T:1874 you advanced to experience level 6. On T:2655 you reached level 6 of The Dungeons of Doom. On T:2894 you advanced to experience level 7. On T:3021 you reached level 3 of Sokoban. On T:3033 you reached level 7 of The Dungeons of Doom. On T:3407 you reached level 2 of Sokoban. On T:4322 you reached level 1 of Sokoban. On T:4758 you advanced to experience level 8. On T:5785 you received advice from The Oracle. On T:6134 you reached level 2 of The Gnomish Mines. On T:6359 you reached level 3 of The Gnomish Mines. On T:6654 you reached level 4 of The Gnomish Mines. On T:6724 you advanced to experience level 9. On T:7139 you reached level 5 of The Gnomish Mines. Latest messages: The snake bites! [HP-1=87] You hit the snake! You kill the snake! [HP+1=88] You see here a snake corpse. Where do you want to travel to? You hear rumbling in the distance. The mind flayer concentrates. You sense a faint wave of psychic energy. Please move the cursor to an unknown object. A mind flayer on the floor of a room. Pick an object. Done. You sense a faint wave of psychic energy. You hear crashing rock. The mind flayer zaps an iron wand! The death ray hits you! Final status: Farvel LaPouf the Valkyrie... You died in The Gnomish Mines on dungeon level 7 with 2736 points, and 476 pieces of gold, after 7163 moves. You were level 9 with a maximum of 88 hit points when you died.